 Dungeon Crawl Stone Soup version 0.29.1-14-g9c671dbff4 (webtiles) character file.

Game seed: 8617952759536399774

49 javelincjr the Magician (level 4, 0/31 HPs)
             Began as a Djinni Conjurer on Feb 13, 2023.
             Killed from afar by Ijyb (10 damage)
             ... with a bolt of dispelling energy
             ... on level 3 of the Dungeon.
             The game lasted 00:04:16 (2680 turns).

javelincjr the Magician (Djinni Conjurer)           Turns: 2680, Time: 00:04:17

Health: 0/31       AC:  8    Str:  8    XL:     4   Next: 1%
Gold:   110        EV: 10    Int: 19    God:
                   SH:  0    Dex: 12

rFire   + + .      SeeInvis .   b - +0 short sword
rCold   x . .      Faith    .   (no shield)
rNeg    . . .      Spirit   .   l - +3 ring mail
rPois   ∞          Reflect  .   (no helmet)
rElec   .          Harm     .   (no cloak)
rCorr   .          Rampage  .   (no gloves)
Will    .....                   (boots unavailable)
Stlth   +.........              (no amulet)
HPRegen 0.10/turn               (no ring)
MPRegen 0.00/turn               (no ring)

@: flying, very slightly contaminated
A: sickness immunity, fire resistance 2, cold vulnerability 1, float, innate
caster, HP casting, extra vitality 1
a: no special abilities


You were on level 3 of the Dungeon.
You visited 1 branch of the dungeon, and saw 3 of its levels.

You collected 110 gold pieces.

Inventory:

Hand Weapons
 b - a +0 short sword (weapon)
Armour
 a - a +0 robe
 l - a +3 ring mail (worn)
Magical Staves
 f - a staff of earth
Wands
 m - a wand of charming (8)
Scrolls
 d - 2 scrolls of enchant armour {unknown}
 e - 3 scrolls of identify {unknown}
 g - a scroll of torment {unknown}
 h - a scroll of silence {unknown}
 i - 3 scrolls of teleportation
 j - 2 scrolls of amnesia {unknown}
 k - a scroll of enchant weapon {unknown}
 o - a scroll of magic mapping {unknown}
Potions
 c - a potion of mutation {unknown}
 n - a potion of curing {unknown}


   Skills:
 + Level 2.4 Dodging
 + Level 1.8 Stealth
 + Level 4.1 Spellcasting


You couldn't memorise any spells.
You knew the following spells:

 Your Spells              Type           Power      Damage    Failure   Level
a - Magic Dart            Conj           76%        1d6       8%          1
b - Searing Ray           Conj           38%        2d5       12%         2
c - Dazzling Flash        Conj/Hex       38%        N/A       24%         3
d - Fulminant Prism       Conj/Hex       9%         3d7       61%         4
e - Iskenderun's Mystic   Conj/Tloc      19%        2d6       61%         4
f - Slow                  Hex            76%        N/A       8%          1
Your spell library was empty.

Dungeon Overview and Level Annotations

Branches:
Dungeon (3/15)

Altars:

Annotations:
D:3 Ijyb


Innate Abilities, Weirdness & Mutations

You are immune to sickness and miasma.
You are immune to poison.
Your flesh is very heat resistant. (rF++)
You are vulnerable to cold. (rC-)
You float through the air rather than walking.
You learn spells naturally, not from books.
Your magical power is your life essence.
You have superior vitality. (+4 MHP)


Message History

You see here a +0 ring mail.
Done exploring.
Done exploring.
There is a stone staircase leading down here.
You fly downwards.
Found a mace and a leather armour.
There is a stone staircase leading up here.
Ijyb the Twisted Goblin comes into view.
She is wielding a +2 club and carrying a wand of quicksilver (4).
Ijyb shouts!
You miscast Magic Dart.
You are very lightly contaminated with residual magic.
Nothing appears to happen.
The magic dart hits Ijyb but does no damage.
You miscast Magic Dart.
Nothing appears to happen.
The magic dart hits Ijyb.
Ijyb is lightly wounded.
Ijyb zaps a wand.
The bolt of dispelling energy hits you!
You hit Ijyb but do no damage.
Ijyb is lightly wounded.
Ijyb hits you with a +2 club.
You hit Ijyb.
Ijyb is lightly wounded.
Ijyb hits you with a +2 club.
You hit Ijyb but do no damage.
Ijyb is lightly wounded.
Ijyb zaps a wand.
The bolt of dispelling energy hits you.
You are too injured to fight recklessly!
You are too injured to fight recklessly!
You are too injured to fight recklessly!
Casting: Magic Dart (safe; 8% risk of failure)
Confirm with . or Enter, or press ? or * to list all spells.
Aiming: Searing Ray (safe; 12% risk of failure)
Press: ? - help, Shift-Dir - straight line, f/p - Ijyb
Aim: Ijyb, wielding a +2 club, wearing a +0 ring mail and carrying a wand of quicksilver (2) (lightly wounded, 75% to hit)
You miscast Searing Ray.
Nothing appears to happen.
Ijyb hits you but does no damage.
You hit Ijyb.
Ijyb is lightly wounded.
Ijyb zaps a wand.
The bolt of dispelling energy hits you!
You die...

. .# ..# ...#
####.....
##########.g...#
#.........@# .
#.......#### .##
#.......# ..######
#.......# #......#
#.......#######......#
#............##......#
#.......####.##.....[#
#.......# #.........#
#.......# ####......#


You could see Ijyb.

Vanquished Creatures
  2 adders (D:2)
  A dart slug (D:1)
  4 ball pythons
  4 endoplasms
  2 giant cockroaches (D:2)
  2 hobgoblins (D:2)
  A kobold (D:1)
  2 quokkas
  3 bats
  A frilled lizard (D:1)
  2 goblins
  3 rats
27 creatures vanquished.

Notes
Turn   | Place    | Note
-------+----------+-------------------------------------------
     0 | D:1      | javelincjr the Djinni Conjurer began the quest for the Orb.
     0 | D:1      | javelincjr set off with the following spells memorised:
                  | Magic Dart, Searing Ray, Dazzling Flash, Fulminant Prism,
                  | Iskenderun's Mystic Blast.
     0 | D:1      | Reached XP level 1. HP: 15/15 MP: 0/0
   546 | D:1      | Reached XP level 2. HP: 19/21 MP: 0/0
  1627 | D:2      | Reached XP level 3. HP: 22/25 MP: 0/0
  1627 | D:2      | Learned a level 1 spell: Slow
  1787 | D:2      | Reached skill level 4 in Spellcasting
  2155 | D:2      | Reached XP level 4. HP: 18/31 MP: 0/0
  2670 | D:3      | Noticed Ijyb
  2680 | D:3      | Killed from afar by Ijyb

Illustrated notes

Levels and vault maps discovered:
D:1:      minmay_arrival_plants_in_alcoves, layout_loops_corners
D:2:      layout_basic, minmay_statues_item
D:3:      layout_rooms, lemuel_crystal_altar, general_overflow_altar, uniq_ijyb,
          uniq_robin

Skill      XL: |  1  2  3 |
---------------+----------+-----
Spellcasting   | 4 |  4.1
Dodging        | |  2.4
Stealth        | |  1.8

Action                   |  1- 3 |  4- 6 || total
-------------------------+-------+-------++-------
Melee: Short sword       |    22 |     4 ||    26
 Cast: Magic Dart        |    45 |     3 ||    48
       Searing Ray       |     1 |       ||     1
  Use: Scroll            |     1 |       ||     1
 Stab: Sleeping          |     1 |       ||     1
Armor: Robe              |     2 |       ||     2
       Ring mail         |       |     1 ||     1
Dodge: Dodged            |    19 |       ||    19
